 Dungeon Crawl Stone Soup version 0.20.1-1-g8b1a95d (webtiles) character file.

56 Irenicus the Cutter (level 4, -2/42 HPs)
             Began as a Kobold Berserker on Nov 5, 2017.
             Was a Follower of Trog.
             Slain by an ooze (4 damage)
             ... on level 2 of the Dungeon.
             The game lasted 00:02:54 (458 turns).

Irenicus the Cutter (Kobold Berserker)               Turns: 458, Time: 00:02:55

Health: -2/42      AC:  2    Str: 19    XL:     4   Next: 15%
Magic:  4/4        EV: 16    Int:  8    God:    Trog [*.....]
Gold:   79         SH:  0    Dex: 15    Spells: 3/3 levels left

rFire    . . .     SeeInvis .   a - +0 short sword
rCold    . . .     Gourm    .   (shield restricted)
rNeg     . . .     Faith    .   b - +0 animal skin
rPois    .         Spirit   .   (no helmet)
rElec    .         Reflect  .   (no cloak)
rCorr    .         Harm     .   (no gloves)
MR       .....                  (no boots)
Stlth    ..........             (no amulet)
Regen    0.2/turn               j - ring of stealth
MPRegen  0.1/turn               (no ring)

@: berserking, very quick
A: carnivore 3
a: Berserk, Burn Spellbooks, Renounce Religion


You were on level 2 of the Dungeon.
You worshipped Trog.
Trog was aware of your devotion.
You were very full.

You visited 1 branch of the dungeon, and saw 2 of its levels.

You collected 79 gold pieces.

Inventory:

Hand Weapons
 a - a +0 short sword (weapon)
Armour
 b - a +0 animal skin (worn)
Jewellery
 j - a ring of stealth (left hand)
Scrolls
 f - 3 scrolls of identify {unknown}
 h - a scroll of amnesia {unknown}
Potions
 d - 2 potions of mutation {unknown}
 e - a potion of curing {unknown}
 g - a potion of lignification {unknown}
 i - a potion of cancellation {unknown}
Comestibles
 c - a meat ration
 k - a chunk of flesh


   Skills:
 - Level 3.2 Fighting
 + Level 5.5 Short Blades
 - Level 2.0 Armour
 - Level 3.0 Dodging


You had 3 spell levels left.
You didn't know any spells.

Dungeon Overview and Level Annotations

Branches:
Dungeon (2/15)

Altars:


Innate Abilities, Weirdness & Mutations

You are small and have problems with some larger weapons.
You are carnivorous and can eat meat at any time.


Message History

* * * LOW HITPOINT WARNING * * *
You closely miss the kobold. The kobold hits you but does no damage.
A red film seems to cover your vision as you go berserk!
You feel yourself moving faster!
You feel mighty!
The kobold hits you with an enchanted dagger.
* * * LOW HITPOINT WARNING * * *
You closely miss the kobold.
The kobold hits you with an enchanted dagger.
* * * LOW HITPOINT WARNING * * *
The ooze hits you.
* * * LOW HITPOINT WARNING * * *
You closely miss the kobold. You barely miss the kobold.
The kobold completely misses you. The ooze completely misses you.
You puncture the kobold!
You feel the power of Trog in you as your rage grows.
You kill the kobold!
Trog accepts your kill. The ooze hits you.
You die...

#........# #......#
#........# #......#
#........# #......#
#........####......#
......#..#.........#####
).....#..#(............#
......##...............#
......##....<..........#
......##........@......#
......##........J).....#
......##.).............#
########.......?.......#
#..>............#
#)##............# #.
+............# ##
#............#


You could see an ooze.

Vanquished Creatures
  3 gnolls (D:2)
  A dart slug (D:1)
  A ball python (D:1)
  2 bats (D:1)
  A giant cockroach (D:1)
  3 goblins
  2 hobgoblins
  3 jackals (D:1)
  3 kobolds
  3 frilled lizards
22 creatures vanquished.

Notes
Turn   | Place    | Note
-------+----------+-------------------------------------------
     0 | D:1      | Irenicus the Kobold Berserker began the quest for the Orb.
     0 | D:1      | Reached XP level 1. HP: 14/14 MP: 1/1
   111 | D:1      | Reached XP level 2. HP: 16/19 MP: 2/2
   332 | D:2      | Reached XP level 3. HP: 20/23 MP: 3/3
   405 | D:2      | Reached skill level 5 in Short Blades
   412 | D:2      | Reached XP level 4. HP: 2/28 MP: 4/4
   455 | D:2      | HP: 2/42 [ooze (1)]
   458 | D:2      | Slain by an ooze

Skill      XL: |  1  2  3 |
---------------+----------+-----
Armour         | 2 |  2.0
Dodging        | 3 |  3.0
Short Blades   | 5 |  5.5
Fighting       | |  3.2

Action                   |  1- 3 |  4- 6 || total
-------------------------+-------+-------++-------
Melee: Short sword       |    71 |     6 ||    77
Invok: Berserk           |     2 |     1 ||     3
 Stab: Sleeping          |     1 |       ||     1
  Eat: Chunk             |     7 |     2 ||     9
Armor: Animal skin       |     7 |     1 ||     8
Dodge: Dodged            |    43 |     5 ||    48
